cohdb
Replays
Latest Replays
All Replays
Popular Replays
Top Player Replays
Match Explorer
How It Works
Community
CoH3 Stats
Reddit
Sign in to upload your games and track your stats! →
Sign in with Steam
Match 45387207
Unlisted
Match 45387207
Overview
Messages
Build Orders
End
Royal Engineer Section
Vickers Machine Gun Team
Construct Field Infirmary
Construct Field Infirmary
Construct Section Command Post
Infantry Section
Infantry Section
Construct Platoon Command Post
Selects Canadian Shock Battlegroup
Selects Incendiary Munitions
Unlock M3 Stuart Light Tanks
M3 Stuart Light Tank
Selects Pyrotechnics
M3 Stuart Light Tank
Grenade Package
gas940
purepinoy
乌拉
MonikaのPants
0
0
Comments
sign in to comment!
No comments posted yet!